AoeStats
← 从不压堡之人

Arena

509107926Analyzed
4v4 RM · 7d ago on Sep 25, 2026· 40m 7s· 8 players
Game mode
Random Map
Map size
Large (8 player)
Population
200
Speed
Normal
Resources
Standard
Victory
Conquest
Starting age
Dark Age
Ending age
Imperial Age
RankedLock teamsTeams togetherTeam positionsShared explorationLock speedFull tech treeHidden civsTurbo modeCheats
Victory
Defeat
🇨🇳 Jurchens · China
1099
+18
🇨🇳 Burmese · China
1094
+19
🇨🇳 Portuguese · China
1094
+19
976
+22
🇨🇳 Italians · China
1166
-20
🇨🇳 Poles · China
1161
-20
🇭🇰 Burmese · Hong Kong SAR China
1152
-20
🇦🇷 Huns · Argentina
1106
-18
GuGu咕咕
10:20 Feudal Age
11:31 Double-Bit Axe
14:35 Castle Age
13:45 Horse Collar
15:54 Bow Saw
16:39 Wheelbarrow
20:23 Stone Mining
22:31 Scale Barding Armor
22:55 Hand Cart
24:16 Chain Barding Armor
24:50 Forging
26:33 Iron Casting
26:11 Loom
27:17 Bloodlines
27:20 Murder Holes
29:16 Fletching
31:22 Gold Mining
33:07 Heavy Plow
33:43 Gold Shaft Mining
34:31 Bodkin Arrow
34:36 Padded Archer Armor
38:48 Imperial Age
36:50 Thumb Ring
37:59 Leather Archer Armor
未来最强
9:55 Feudal Age
13:57 Castle Age
12:06 Horse Collar
19:35 Wheelbarrow
19:41 Heavy Plow
20:18 Loom
20:53 Gold Mining
22:32 Gold Shaft Mining
26:57 Imperial Age
24:48 Forging
25:34 Squires
25:20 Arson
25:37 Scale Mail Armor
26:15 Iron Casting
26:34 Chain Mail Armor
26:45 Hand Cart
29:13 Blast Furnace
29:18 Town Watch
30:19 Plate Mail Armor
35:38 Guilds
38:53 Crop Rotation
历史最强
11:12 Feudal Age
11:18 Feudal Age
15:29 Castle Age
15:04 Horse Collar
21:23 Double-Bit Axe
23:45 Wheelbarrow
24:19 Bow Saw
24:19 Heavy Plow
25:04 Gold Mining
25:06 Stone Mining
25:52 Hand Cart
25:57 Forging
25:53 Scale Barding Armor
29:36 Imperial Age
27:45 Loom
29:14 Szlachta Privileges
29:49 Iron Casting
29:35 Chain Barding Armor
30:01 Stone Shaft Mining
29:39 Husbandry
29:50 Bloodlines
29:29 Treadmill Crane
29:44 Murder Holes
29:42 Cavalier
30:55 Town Watch
32:16 Blast Furnace
32:42 Conscription
34:21 Heavy Mounted Crossbowman
37:19 Padded Archer Armor
37:10 Fletching
36:59 Elite Skirmisher
37:20 Light Cavalry
39:04 Crop Rotation
37:58 Winged Hussar
39:50 Bodkin Arrow
40:11 Leather Archer Armor
村口最强
10:24 Feudal Age
14:16 Castle Age
12:26 Double-Bit Axe
14:33 Loom
15:33 Horse Collar
21:46 Gold Mining
26:17 Imperial Age
28:59 Chemistry
29:56 Chemistry
35:42 Padded Archer Armor
36:41 Stone Mining
我不是蓝精灵
10:42 Feudal Age
14:19 Castle Age
12:18 Double-Bit Axe
12:31 Horse Collar
14:07 Wheelbarrow
15:56 Bow Saw
15:47 Heavy Plow
17:46 Loom
20:21 Town Watch
22:34 Hand Cart
22:23 Gold Mining
22:33 Stone Mining
28:50 Imperial Age
27:33 Siege Engineers
27:51 Ballistics
27:37 Padded Archer Armor
29:03 Leather Archer Armor
30:38 Chemistry
29:51 Fortified Wall
30:14 Ring Archer Armor
30:01 Caravan
31:05 Fletching
32:42 Bodkin Arrow
32:48 Murder Holes
33:03 Masonry
34:03 Thunderclap Bombs
37:08 Fortified Bastions
37:47 Hoardings
37:33 Conscription
37:45 Architecture
36:56 Treadmill Crane
37:03 Arrowslits
37:41 Bracer
37:53 Forging
37:51 Scale Barding Armor
38:53 Two-Man Saw
38:30 Crop Rotation
39:39 Guilds
40:00 Coinage
洗心革面重新做人TownYan
11:39 Feudal Age
12:26 Double-Bit Axe
15:24 Castle Age
13:37 Horse Collar
14:46 Gold Mining
17:16 Scale Barding Armor
20:18 Wheelbarrow
22:11 Bloodlines
23:19 Chain Barding Armor
25:40 Bow Saw
26:53 Heavy Plow
29:07 Hand Cart
29:05 Loom
29:05 Town Watch
32:31 Thumb Ring
33:49 Gold Shaft Mining
36:37 Imperial Age
34:08 Fletching
34:42 Ballistics
35:13 Masonry
35:59 Bodkin Arrow
36:05 Padded Archer Armor
36:10 Husbandry
37:19 Bracer
38:24 Chemistry
37:54 Heavy Cavalry Archer
39:12 Atheism
39:21 Conscription
39:40 Leather Archer Armor
从不压堡之人
10:17 Feudal Age
14:04 Castle Age
12:09 Double-Bit Axe
12:22 Horse Collar
16:27 Wheelbarrow
21:50 Bow Saw
22:00 Town Watch
22:00 Loom
24:26 Gold Mining
24:27 Stone Mining
25:44 Hand Cart
26:43 Stone Shaft Mining
29:59 Imperial Age
28:01 Ballistics
27:26 Treadmill Crane
28:23 Heavy Plow
28:26 Caravan
28:43 Fletching
29:58 Padded Archer Armor
31:41 Chemistry
30:45 Arquebus
31:05 Conscription
32:17 Two-Man Saw
31:48 Crop Rotation
31:31 Guilds
32:05 Leather Archer Armor
32:33 Ballistics
33:17 Ring Archer Armor
33:09 Bodkin Arrow
34:02 Bracer
34:52 Scale Barding Armor
34:54 Elite Organ Gun
35:43 Siege Engineers
37:14 Bombard Tower
36:50 Murder Holes
37:06 Masonry
37:18 Chain Barding Armor
39:42 Fortified Wall
40:02 Architecture
39:40 Guard Tower
LLK是给
10:52 Feudal Age
11:34 Horse Collar
14:27 Castle Age
15:18 Heavy Plow
17:10 Loom
20:08 Wheelbarrow
20:20 Gold Mining
21:29 Hand Cart
22:14 Scale Mail Armor
22:24 Forging
22:19 Town Watch
23:57 Gold Shaft Mining
23:14 Man-at-Arms
24:02 Gambesons
24:18 Squires
24:03 Arson
23:49 Long Swordsman
25:59 Chain Mail Armor
25:50 Pikeman
31:03 Imperial Age
28:40 Stone Mining
30:11 Iron Casting
30:52 Coinage
31:18 Scale Barding Armor
32:47 Blast Furnace
32:56 Chain Barding Armor
32:03 Halberdier
33:19 Plate Mail Armor
32:56 Fletching
34:47 Banking
35:10 Plate Barding Armor
35:04 Conscription
35:45 Bloodlines
35:35 Husbandry
35:49 Howdah
37:08 Elite Battle Elephant
38:25 Guilds
38:16 Caravan
39:31 Crop Rotation
39:47 Bodkin Arrow
39:53 Padded Archer Armor
39:41 Treadmill Crane
Connection lost

Rejoining the realm…

Still unreachable

The connection could not be restored.

Session expired

The server has moved on; the page needs a fresh start.